 Dungeon Crawl Stone Soup version 0.20.0-7-g3b7b877 (webtiles) character file.

715 Mesmaeker13 the Charmwright (level 8, -1/60 HPs)
             Began as a Human Skald on May 29, 2017.
             Slain by Prince Ribbit (14 damage)
             ... on level 6 of the Dungeon.
             The game lasted 00:10:22 (4757 turns).

Mesmaeker13 the Charmwright (Human Skald)           Turns: 4757, Time: 00:10:23

Health: -1/60      AC:  5    Str: 13    XL:     8   Next: 1%
Magic:  10/11      EV: 13    Int: 15    God:
Gold:   177        SH:  0    Dex: 12    Spells: 6/11 levels left

rFire    . . .     SeeInvis .   a - +1 falchion
rCold    . . .     Gourm    .   (no shield)
rNeg     . . .     Faith    .   b - +0 leather armour
rPois    .         Spirit   .   (no helmet)
rElec    .         Reflect  .   (no cloak)
rCorr    .         Harm     .   (no gloves)
MR       +....     Rnd*Tele +   o - +1 pair of boots
Stlth    +.........             (no amulet)
Regen    0.2/turn               B - ring of protection from magic
MPRegen  0.2/turn               z - ring of teleportation (curse)

@: no status effects
A: no striking features
a: no special abilities


You were on level 6 of the Dungeon.
You were not hungry.

You visited 1 branch of the dungeon, and saw 6 of its levels.

You collected 177 gold pieces.

Inventory:

Hand Weapons
 a - a +1 falchion (weapon)
 e - a +2 dagger of draining
 x - a +0 long sword
 J - a +0 short sword of venom
Armour
 b - a +0 leather armour (worn)
 o - a +1 pair of boots (worn)
Jewellery
 t - an uncursed ring of protection from magic
 u - an uncursed ring of protection from cold
 v - a +4 ring of dexterity
 z - a cursed ring of teleportation (right hand)
 B - a ring of protection from magic (left hand)
 D - an uncursed ring of resist corrosion
 I - an uncursed ring of poison resistance {unknown}
 K - an uncursed ring of magical power {unknown}
Wands
 k - a wand of disintegration (3/24)
 A - a wand of polymorph (9/24)
 C - a wand of paralysis (6/24)
Scrolls
 g - 2 scrolls of blinking
 i - 6 scrolls of teleportation
 r - a scroll of recharging
 w - a scroll of fear
 y - a scroll of enchant armour
 G - a scroll of amnesia
Potions
 h - a potion of might {unknown}
 j - 2 potions of haste {unknown}
 l - a potion of ambrosia {unknown}
 n - 4 potions of curing
 s - a potion of invisibility {unknown}
 E - a potion of lignification {unknown}
 H - a potion of magic {unknown}
 L - 3 potions of berserk rage {unknown}
Books
 c - a book of Battle

   Spells                             Type                      Level
   a - Infusion                       Charms                       1
   b - Shroud of Golubria             Charms/Translocation         2
   c - Song of Slaying                Charms                       2
   d - Spectral Weapon                Hexes/Charms                 3
   e - Regeneration                   Charms/Necromancy            3
Comestibles
 d - 4 bread rations
 f - 3 royal jellies
 p - a meat ration
 q - 4 fruits


   Skills:
 + Level 4.2 Fighting
 + Level 3.8 Long Blades
 - Level 1.0 Armour
 + Level 4.6 Dodging
 - Level 2.0 Spellcasting
 + Level 4.6 Charms
 + Level 2.9 Translocations


You had 6 spell levels left.
You knew the following spells:

 Your Spells              Type           Power        Failure   Level  Hunger
a - Infusion              Chrm           ###.         4%          1    #......
b - Shroud of Golubria    Chrm/Tloc      ##........   9%          2    ###....
c - Song of Slaying       Chrm           ###.....     6%          2    ###....


Dungeon Overview and Level Annotations

Branches:
Dungeon (6/15)
 Temple: D:4-7

Altars:
Uskayaw

Annotations:
D:6 Prince Ribbit


Message History

Confirm with . or Enter, or press ? or * to list all spells.
Okay, then.
Prince Ribbit barely misses you.
Prince Ribbit blinks!
You hit Prince Ribbit.
Prince Ribbit is lightly wounded.
Prince Ribbit hits you!
Your shroud falls apart!
Prince Ribbit hits you!! Prince Ribbit closely misses you.
You riposte.
You closely miss Prince Ribbit.
Prince Ribbit is lightly wounded.
Prince Ribbit hits you! Prince Ribbit hits you.
* * * LOW HITPOINT WARNING * * *
Prince Ribbit hits you!
* * * LOW HITPOINT WARNING * * *
There is an open door, spattered with blood here.
It was a potion of curing.
You feel better. Prince Ribbit closely misses you. Prince Ribbit hits you!
You die...

#.....# ... #.....# .
... #.....# ##.
...#######.....#
..###.##.#.....#'#.....
...#)..<#.....#... ...
. #.#....#.....#...# .
.. #......#.....#...#
#.#.....@#.....#...#
#......?.F.....#...#
#..#.....#.....#...#
#'#####.....#
#....<####### #......#
#......# #......#
#####.##


You could see Prince Ribbit.

Vanquished Creatures
  The ghost of kuniqs the Digger, an amateur VSEE (D:4)
  A sky beast (D:5)
  An ogre (D:4)
  A water moccasin skeleton (D:5)
  A bullfrog skeleton (D:5)
  An orc priest (D:5)
  An iguana (D:3)
  2 orc wizards
  3 worker ants
  3 gnolls
  5 adders
  5 worms
  A dart slug (D:1)
  A leopard gecko (D:5)
  8 orcs
  2 ball pythons
  7 giant cockroaches
  6 goblins
  14 hobgoblins
  6 jackals
  5 bats
  4 frilled lizards
  15 kobolds
  A leopard gecko skeleton (D:4)
  11 rats
106 creatures vanquished.

Notes
Turn   | Place    | Note
-------+----------+-------------------------------------------
     0 | D:1      | Mesmaeker13 the Human Skald began the quest for the Orb.
     0 | D:1      | Reached XP level 1. HP: 16/16 MP: 3/3
   106 | D:1      | Reached XP level 2. HP: 18/22 MP: 3/5
   392 | D:1      | Reached XP level 3. HP: 20/27 MP: 3/6
   657 | D:1      | Learned a level 2 spell: Shroud of Golubria
   788 | D:2      | Reached XP level 4. HP: 34/34 MP: 1/7
  1761 | D:2      | Reached XP level 5. HP: 18/41 MP: 0/8
  1971 | D:3      | Learned a level 2 spell: Song of Slaying
  2057 | D:3      | Reached skill level 1 in Translocations
  2456 | D:3      | Found a hide-covered altar of Uskayaw.
  2476 | D:3      | Reached XP level 6. HP: 47/47 MP: 9/9
  2830 | D:4      | Noticed kuniqs's ghost (amateur VSEE)
  3019 | D:4      | Killed kuniqs's ghost
  3554 | D:4      | Reached XP level 7. HP: 39/52 MP: 8/10
  3792 | D:5      | Entered Level 5 of the Dungeon
  4634 | D:5      | Reached XP level 8. HP: 55/60 MP: 8/11
  4744 | D:6      | Noticed Prince Ribbit
  4755 | D:6      | HP: 2/60 [Prince Ribbit (15)]
  4757 | D:6      | Slain by Prince Ribbit

Skill      XL: |  1  2  3  4  5  6  7 |
---------------+----------------------+-----
Dodging        | 3 4 |  4.6
Fighting       | 3 4 |  4.2
Translocations | 1 2 |  2.9
Long Blades    | 3 |  3.8
Charms         | 4 |  4.6
Armour         | |  1.0
Spellcasting   | |  2.0

Action                   |  1- 3 |  4- 6 |  7- 9 || total
-------------------------+-------+-------+-------++-------
Melee: Falchion          |   105 |   209 |    89 ||   403
 Cast: Infusion          |     7 |    14 |     8 ||    29
       Shroud of Golubri |     2 |    14 |    10 ||    26
Evoke: Wand              |       |     2 |     2 ||     4
  Use: Scroll            |     1 |     2 |     6 ||     9
       Potion            |       |       |     1 ||     1
 Stab: Sleeping          |       |     1 |       ||     1
       Paralysed         |       |     8 |     4 ||    12
  Eat: Chunk             |       |    11 |     5 ||    16
Armor: Leather armour    |    26 |    58 |    22 ||   106
Dodge: Dodged            |    58 |   138 |    49 ||   245
       Rpst.: Falchion   |    19 |    50 |    14 ||    83
